 Dungeon Crawl Stone Soup version 0.28-a0-413-gde365fb1df (webtiles) character file.

Game seed: 16751671358937125095

11 firefish the Caller (level 2, 15/15 HPs)
             Began as a Kobold Summoner on Sept 7, 2021.
             Quit the game on level 1 of the Dungeon.
             The game lasted 00:11:35 (870 turns).

firefish the Caller (Kobold Summoner)                Turns: 870, Time: 00:11:36

Health: 15/15      AC:  2    Str:  5    XL:     2   Next: 40%
Magic:  5/5        EV: 15    Int: 16    God:
Gold:   20         SH:  0    Dex: 15    Spells: 4/5 levels left

rFire   . . .      SeeInvis .   (weapon restricted)
rCold   . . .      Faith    .   (shield restricted)
rNeg    . . .      Spirit   .   a - +0 robe
rPois   .          Reflect  .   (no helmet)
rElec   .          Harm     .   (no cloak)
rCorr   .          Rampage  .   (no gloves)
Will    .....                   (no boots)
Stlth   +++.......              (no amulet)
HPRegen 0.05/turn               (no ring)
MPRegen 0.09/turn               (no ring)

@: no status effects
A: small, no large weapons, nightstalker 3
a: no special abilities


You were on level 1 of the Dungeon.
You visited 1 branch of the dungeon, and saw 1 of its levels.

You collected 20 gold pieces.

Inventory:

Armour
 a - a +0 robe (worn)


   Skills:
 + Level 2.5 Dodging
 + Level 2.9 Stealth
 + Level 0.3 Unarmed Combat
 + Level 2.2 Spellcasting
 + Level 4.3 Summonings


You had 4 spell levels left.
You knew the following spells:

 Your Spells              Type           Power      Damage    Failure   Level
a - Summon Small Mammal   Summ           60%        N/A       3%          1

Your spell library contained the following spells:

 Spells                   Type           Power      Damage    Failure   Level
 Call Imp                 Summ           15%        N/A       5%          2
 Call Canine Familiar     Summ           15%        N/A       11%         3
 Sandblast                Erth           2%         2d4       21%         1
 Summon Guardian Golem    Hex/Summ       8%         N/A       26%         3
 Passwall                 Tmut/Erth      0%         N/A       30%         2
 Stone Arrow              Conj/Erth      2%         3d7       52%         3
 Summon Lightning Spire   Summ/Air       8%         N/A       63%         4


Dungeon Overview and Level Annotations

Branches:
Dungeon (1/15)

Altars:


Innate Abilities, Weirdness & Mutations

You are small and have problems with some larger weapons.
You are completely attuned to the shadows.


Message History

You hit the giant cockroach but do no damage.
The giant cockroach is severely wounded.
The giant cockroach misses you.
You hit the giant cockroach but do no damage.
The giant cockroach is severely wounded.
The giant cockroach barely misses you.
The giant cockroach bites you but does no damage.
You barely miss the giant cockroach.
The giant cockroach is severely wounded.
The giant cockroach completely misses you.
You hit the giant cockroach but do no damage.
The giant cockroach is severely wounded.
Your bat disappears in a puff of smoke!
The giant cockroach closely misses you.
You hit the giant cockroach but do no damage.
The giant cockroach is severely wounded.
The giant cockroach barely misses you.
You hit the giant cockroach but do no damage.
The giant cockroach is severely wounded.
The giant cockroach misses you.
You hit the giant cockroach.
You kill the giant cockroach!
There is a shaft here.
Unknown command.
Found 28 arrows.
A frilled lizard comes into view.
The helpless frilled lizard fails to defend itself.
You hit the frilled lizard.
You kill the frilled lizard!
You see here 28 arrows.
Found a stone staircase leading down.
There is a stone staircase leading down here.
Unknown command.
There is a stone staircase leading down here.
There is a stone staircase leading down here.
Okay, then.
Your quokka disappears in a puff of smoke!
A quokka comes into view.
Unknown command.
Are you sure you want to abandon this character and quit the game? (Confirm with "yes".)

### #########.#
#.........#
#.#######.#
######.......#.#######
#......###...#@......#
#.####.###..##..####.#
#.# #...............#
#.########.####..#####
#.......>............r
########.#.#..#...####
#.#........#
#.#.#.(....#
#.#....#...#


There were no monsters in sight!

Vanquished Creatures
  A dart slug (D:1)
  A ball python (D:1)
  An endoplasm (D:1)
  2 giant cockroaches (D:1)
  A goblin (D:1)
  A hobgoblin (D:1)
  A frilled lizard (D:1)
8 creatures vanquished.

Notes
Turn   | Place    | Note
-------+----------+-------------------------------------------
     0 | D:1      | firefish the Kobold Summoner began the quest for the Orb.
     0 | D:1      | Reached XP level 1. HP: 10/10 MP: 3/3
   480 | D:1      | Reached XP level 2. HP: 2/15 MP: 5/5
   870 | D:1      | Quit the game

Illustrated notes

Levels and vault maps discovered:
D:1:      minmay_arrival_split_and_join, layout_basic

Action                   || total
-------------------------++-------
Melee: Unarmed           ||    90
 Cast: Summon Small Mamm ||     6
  Use: Scroll            ||     3
 Stab: Sleeping          ||     1
Armor: Robe              ||    15
Dodge: Dodged            ||    76

Table legend: (Time is in decaauts)
 A = Elapsed time spent in this place.
 B = Non-inter-level travel time spent in this place.
 C = Inter-level travel time spent in this place.
 D = Time resting spent in this place.
 E = Time spent auto-exploring this place.
 F = Levels seen in this place.
 G = Mean time per level.
                   A        B        C        D        E       F      G
               +--------+--------+--------+--------+--------+-----+--------+
         Total |    869 |    455 |    414 |      0 |    261 |   1 |  869.0 |
       Dungeon |    869 |    455 |    414 |      0 |    261 |   1 |  869.0 |
               +--------+--------+--------+--------+--------+-----+--------+

Top non-repeatable levels by time:
     D:1: 869 daAuts
